Map: Abyssal Reef LE

Players

souL

  • Race: Terran Terran
  • Spawn Location: 5:00

Scarlett - Winner!

  • Race: Zerg Zerg
  • Spawn Location: 11:00

Event: WCS Valencia 2017

VOD

Have the link to the VOD?

Description

Time

  • Played on: July 13, 2017, 2:45 p.m.
  • Length: 12:18

All games in this series

Show
View Real Time Build Order
Export as new Build Order

souL Terran 

Build Orders:  

Get SALT Encoding   

  12  0:00  SCV  
  13  0:12  SCV  
  14  0:17  Supply Depot  
  14  0:25  SCV  
  15  0:30  Refinery  
  15  0:41  Barracks  
  15  0:45  SCV  
  16  0:57  SCV  
  16  1:03  Barracks  
  17  1:10  SCV  
  18  1:22  Barracks  
  18  1:29  Reaper  
  19  1:41  Orbital Command  
  19  1:51  Reaper  
  19  1:53  Supply Depot  
  20  1:58  Refinery  
  20  2:04  Reaper  
  21  2:11  Reaper  
  22  2:17  Supply Depot  
  22  2:18  SCV  
  23  2:25  Reaper  
  24  2:30  SCV  
  24  2:36  Reaper  
  26  2:42  SCV  
  27  2:53  Reaper  
  27  2:54  SCV  
  27  2:57  Reaper  
  30  3:07  Command Center  
  30  3:19  Reaper  
  31  3:22  SCV  
  31  3:25  Reaper  
  32  3:30  Reaper  
  33  3:35  SCV  
  34  3:47  SCV  
  35  3:48  Supply Depot  
  35  3:51  Reaper  
  36  3:57  Reaper  
  36  3:59  SCV  
  36  4:00  Supply Depot  
  36  4:02  Reaper  
  39  4:11  SCV  
  40  4:21  Orbital Command  
  40  4:23  SCV, Reaper  
  42  4:29  Reaper  
  43  4:33  Barracks  
  43  4:34  Barracks, Reaper  
  43  4:35  SCV  
  45  4:46  SCV, Refinery  
  45  4:47  SCV, Refinery  
  47  4:55  Reaper  
  47  4:58  SCV, Engineering Bay  
  47  4:59  SCV  
  50  5:01  Reaper  
  50  5:06  Reaper  
  51  5:10  SCV  
  51  5:12  SCV  
  50  5:21  Reaper  
  50  5:22  SCV  
  50  5:24  Reaper  
  50  5:25  SCV  
  50  5:27  Reaper  
  55  5:34  SCV, Reaper  
  57  5:37  SCV, Terran Infantry Weapons Level 1  
  57  5:38  Reaper  
  58  5:47  SCV  
  58  5:49  SCV  
  60  5:53  Reaper  
  60  5:56  Reaper  
  62  6:00  SCV, Reaper  
  59  6:05  SCV  
  59  6:06  Supply Depot, Reaper  
  62  6:11  Reaper  
  62  6:17  Supply Depot  
  62  6:18  Supply Depot  
  63  6:25  SCV, Reaper  
  63  6:29  Reaper  
  63  6:30  SCV  
  63  6:32  Reaper  
  66  6:38  SCV, Reaper  
  68  6:43  Reaper  
  69  6:49  SCV  
  69  6:51  SCV  
  71  6:57  Reaper  
  71  7:01  SCV, Reaper  
  74  7:03  SCV  
  74  7:04  Reaper  
  76  7:10  Reaper  
  76  7:13  SCV  
  76  7:15  Reaper  
  79  7:22  SCV  
  71  7:30  Reaper  
  71  7:33  Reaper  
  71  7:36  Reaper  
  72  7:37  SCV  
  72  7:42  Reaper  
  70  7:47  Reaper  
  66  7:51  SCV x2  
  66  8:02  Reaper  
  66  8:03  SCV  
  66  8:05  Reaper  
  69  8:07  SCV  
  69  8:08  Reaper  
  70  8:16  SCV  
  70  8:19  SCV  
  74  8:22  Command Center  
  65  8:28  SCV  
  65  8:31  SCV  
  65  8:34  Reaper  
  50  8:37  Reaper  
  50  8:40  SCV, Reaper  
  48  9:24  Supply Depot  
  48  9:25  Supply Depot  
  48  9:28  Supply Depot  
  47  9:34  SCV, Reaper x2  
  31  9:46  SCV  
  30  9:55  Marine  
  30  9:59  SCV  
  32  10:01  Command Center  
  34  10:11  SCV  
  36  10:19  Orbital Command  
  35  10:23  SCV  
  35  10:24  Engineering Bay, Reaper x2  
  35  10:25  Engineering Bay  
  35  10:35  SCV  
  37  10:38  Barracks Tech Lab  
  36  10:47  SCV x2  
  38  10:56  Marine x2  
  38  10:59  Marine, SCV x2  
  39  11:11  SCV x2  
  39  11:13  Marine  
  39  11:14  Marine  
  39  11:18  Orbital Command  
  43  11:23  SCV  
  45  11:28  Factory  
  45  11:31  SCV  
  45  11:35  SCV  
  46  11:40  Supply Depot  
  46  11:43  SCV  
  46  11:45  SCV  
  48  11:48  SCV  
  48  11:52  Barracks Reactor  
  48  11:53  Barracks Reactor  
  49  11:56  SCV  
  49  11:57  SCV  
  44  12:15  Starport, Factory Reactor  
Show
View Real Time Build Order
Export as new Build Order

Scarlett Zerg - Winner!

Build Orders: Hatch First 

Get SALT Encoding   

  12  0:00  Drone  
  13  0:12  Overlord  
  13  0:17  Drone  
  14  0:30  Drone  
  14  0:31  Drone  
  14  0:34  Drone  
  17  0:51  Hatchery  
  17  0:55  Drone  
  17  0:58  Drone  
  18  1:10  Extractor  
  17  1:13  Spawning Pool  
  17  1:16  Drone  
  17  1:19  Drone  
  18  1:28  Drone  
  19  1:38  Overlord  
  19  1:52  Drone  
  20  2:00  Queen  
  20  2:01  Zergling x2  
  23  2:03  Queen, Zergling x2  
  26  2:10  Metabolic Boost  
  26  2:14  Drone x2  
  28  2:22  Drone  
  29  2:36  Hatchery, Drone  
  29  2:39  Drone  
  30  2:47  Queen  
  31  2:56  Queen  
  31  2:58  Overlord  
  33  3:01  Zergling x2  
  33  3:03  Zergling x2  
  35  3:15  Zergling x2  
  35  3:22  Zergling x2  
  35  3:23  Zergling x10  
  40  3:28  Queen  
  41  3:46  Drone x2, Overlord  
  41  3:48  Evolution Chamber, Queen  
  44  3:54  Drone  
  44  3:55  Drone x2  
  47  4:05  Queen  
  49  4:12  Drone x5  
  54  4:20  Drone x3  
  57  4:25  Zerg Ground Armor Level 1  
  57  4:33  Overlord x2  
  57  4:42  Overlord  
  57  4:50  Overlord  
  57  4:53  Extractor, Drone x7  
  57  4:58  Zergling x6  
  64  5:15  Drone x6  
  64  5:16  Queen, Drone  
  64  5:18  Zergling x2  
  64  5:19  Zergling x2  
  73  5:22  Queen  
  75  5:34  Zergling x8  
  79  5:42  Lair  
  79  5:45  Baneling Nest  
  79  5:48  Zergling x14  
  79  6:02  Zergling x12  
  79  6:04  Queen  
  83  6:06  Queen  
  83  6:08  Evolution Chamber  
  83  6:09  Zergling x4  
  87  6:17  Zergling x2  
  87  6:18  Zergling x4, Overlord x2  
  88  6:30  Zerg Melee Weapons Level 1  
  88  6:31  Baneling x6  
  88  6:32  Baneling x2, Drone x2  
  90  6:33  Overlord x2  
  89  6:48  Queen  
  89  6:51  Zergling x16  
  89  6:52  Zergling x2  
  100  7:07  Zergling x8, Centrifical Hooks  
  98  7:27  Queen, Zergling x18  
  107  7:36  Baneling  
  107  7:37  Baneling x7  
  107  7:43  Zergling x12  
  108  7:54  Zergling x8  
  108  7:58  Extractor  
  109  7:59  Extractor  
  109  8:00  Zergling x2  
  109  8:01  Zergling x8  
  110  8:13  Zergling x12  
  110  8:17  Zerg Ground Armor Level 2, Zergling x2  
  110  8:19  Zergling x2  
  110  8:20  Queen x3  
  110  8:27  Zergling x4  
  100  8:36  Zergling x4  
  100  8:40  Baneling x5  
  97  8:44  Zergling x2  
  97  8:45  Zergling x8  
  92  8:56  Queen x3, Zergling x2  
  92  8:57  Zergling x4  
  95  9:05  Baneling Nest  
  85  9:10  Zergling x6  
  85  9:12  Zergling x4  
  85  9:13  Zergling x2  
  80  9:22  Zergling x6  
  76  9:30  Spawning Pool  
  44  10:00  Hatchery  
  38  10:17  Zergling x24  
  50  10:24  Zergling x2  
  50  10:25  Queen x2  
  50  10:26  Queen  
  57  10:34  Zergling x10  
  62  10:38  Baneling x6  
  62  10:39  Zergling x4  
  63  10:57  Zergling x2  
  63  10:58  Zergling x6  
  63  11:01  Queen  
  68  11:05  Drone x3  
  66  11:13  Zergling x6  
  69  11:20  Drone x2  
  69  11:24  Drone x2  
  73  11:29  Drone  
  74  11:35  Drone x3  
  78  11:40  Drone x6  
  78  11:43  Hydralisk Den  
  83  11:54  Drone x3  
  83  11:57  Zergling x12  
  91  12:03  Hatchery  
Tags
 
Add a new tag
Caveats
  • Supply blocks, unpowered buildings, or Contaminate may cause inaccurate times.
  • Supply counts are checked every 10 seconds.